 Dungeon Crawl Stone Soup version 0.32-a0-422-g28b100f618 (webtiles) character file.

Game seed: 13477369600404352457

6 Bravepunisher the Changeling (level 1, 0/15 HPs)
             Began as a Spriggan Shapeshifter on Feb 21, 2024.
             Succumbed to a scorpion's poison
             ... on level 5 of the Dungeon.
             The game lasted 00:01:22 (292 turns).

Bravepunisher the Changeling (Spriggan Shapeshifter) Turns: 292, Time: 00:01:23

Health: 0/15       AC: 20    Str: 10    XL:     1   Next: 75%
Magic:  2/2        EV:  4    Int: 11    God:
Gold:   15         SH:  0    Dex: 14    Spells: 0/0 levels left

rFire   . .          .
                       - Unarmed
rCold   . . .        (no shield)
rNeg    . . .        a - melded +0 animal skin
rPois   +            (helmet currently unavailable)
rElec   .            (cloak currently unavailable)
rCorr   .            (gloves unavailable)
SInv    +            (boots unavailable)
Will    .....        (no amulet)
Stlth   +            (no ring)
HPRegen 0.22/turn    (no ring)
MPRegen 0.08/turn

%: no passive effects
@: lethally poisoned (0 -> -2), tree-form
A: stationary, stasis, torment immunity, boosted hp, very small, no large
weapons, unfitting armour, see invisible, (speed 3)
a: no special abilities


You were on level 5 of the Dungeon.
You were a tree.
You visited 1 branch of the dungeon, and saw 5 of its levels.

You collected 15 gold pieces.

Inventory:

Armour
 a - a +0 animal skin (melded)
Jewellery
 e - a ring of resist corrosion
Talismans
 c - a beast talisman (active)
 d - a flux talisman


   Skills:
 + Level 1.0 Fighting
 + Level 2.9 Dodging
 - Level 2.4 Unarmed Combat
 * Level 4.2 Shapeshifting


You couldn't memorise any spells.
You didn't know any spells.
Your spell library was empty.

Dungeon Overview and Level Annotations

Branches:
Dungeon (5/15)
 Temple: D:4-7

Altars:

Shops:
D:3 !


Innate Abilities, Weirdness & Mutations

You are a tree.
Your roots penetrate the ground, keeping you stationary.
You cannot be teleported.
You are immune to unholy pain and torment.
Your maximum health is greatly increased.
Your equipment is partially melded.
You are very small and have problems with some larger weapons.
You are too small for most types of armour.
You have supernaturally acute eyesight. (SInv)
((You cover ground extremely quickly. (Speed+++)))


Message History

There is a stone staircase leading down here.
You climb downwards.
Found 5 stones.
There is a stone staircase leading up here.
An iguana comes into view.
Found 2 boomerangs.
A scorpion comes into view.
A dart slug comes into view.
The scorpion misses you. The scorpion stings you.
You are lethally poisoned!
The scorpion poisons you!
You feel sick.
You feel sick.
* * * LOW HITPOINT WARNING * * *
You feel sick.
* * * LOW HITPOINT WARNING * * *
You feel sick.
It was a potion of magic.
Magic courses through your body.
* * * LOW HITPOINT WARNING * * *
You feel sick.
Your transformation has ended.
You turn into a tree.
Your +0 animal skin melds into your body.
Your roots penetrate the ground.
* * * LOW HITPOINT WARNING * * *
You feel sick.
The scorpion stings you but does no damage.
You hit the scorpion but do no damage.
* * * LOW HITPOINT WARNING * * *
You feel sick.
The scorpion stings you but does no damage.
You hit the scorpion.
The scorpion is lightly wounded.
* * * LOW HITPOINT WARNING * * *
You feel sick.
The scorpion stings you but does no damage. x2
You closely miss the scorpion.
The scorpion is lightly wounded.
You die...

... .. ##..
......l #..
......# #..
......# #.#
......# #.#
......# #♣#
.....(# #s#
####......#
#.# #..<#
#.####.###
#........#
#........#
#....(...#
##.......#
#.......#


You could see a scorpion.

Vanquished Creatures
  A bat (D:2)
  A giant cockroach (D:2)
  A hobgoblin (D:2)
3 creatures vanquished.

Notes
Turn   | Place    | Note
-------+----------+-------------------------------------------
     0 | D:1      | Bravepunisher the Spriggan Shapeshifter began the quest for
                  | the Orb.
     0 | D:1      | Reached XP level 1. HP: 9/9 MP: 2/2
   128 | D:2      | Reached skill level 1 in Fighting
   179 | D:3      | Found Cien Fidd's Distillery.
   182 | D:4      | Noticed an orc wizard
   271 | D:5      | Entered Level 5 of the Dungeon
   275 | D:5      | Noticed an iguana
   277 | D:5      | Noticed a scorpion
   292 | D:5      | Succumbed to a scorpion's poison

Illustrated notes

Levels and vault maps discovered:
D:1:      zelgadis_glass_arrival_small, layout_loops_ring, st_stairs_6
D:2:      layout_loops_ring, minmay_quantized
D:3:      layout_basic, mainiacjoe_overflow_24_doors,
          nicolae_overflow_hidden_temple, marbit_many_paths, serial_shops, shop,
          nicolae_shop_industrial_runoff, shop, shop, nicolae_shop_waterfront,
          serial_bayou, serial_bayou_ford_a, serial_bayou_pond_c,
          serial_bayou_lake_a, dk_noncrumbling_3, minmay_cupped
D:4:      layout_cave_pools, nicolae_houndstooth_variations, uniq_blork_the_orc
D:5:      layout_basic, lemuel_doored_altar,
          mainiacjoe_overflow_six_doors_small, minmay_temple_entry_glass,
          gammafunk_ghost_icy, hangedman_decor_opposing, minivault_5,
          lemuel_flamethrower_1

Skill      XL: |  1 |
---------------+----+-----
Fighting       | 1 |  1.0
Dodging        | |  2.9
Unarmed Combat | |  2.4
Shapeshifting  | |  4.2

Action                     || total
---------------------------++-------
  Melee: Unarmed           ||    12
         Punch             ||     1
    Use: Potion            ||     2
 Armour: Animal skin       ||     4
         Skin              ||     4
  Dodge: Dodged            ||    12

Table legend: (Time is in decaauts)
 A = Elapsed time spent in this place.
 B = Non-inter-level travel time spent in this place.
 C = Inter-level travel time spent in this place.
 D = Time resting spent in this place.
 E = Time spent auto-exploring this place.
 F = Levels seen in this place.
 G = Mean time per level.
                   A        B        C        D        E       F      G
               +--------+--------+--------+--------+--------+-----+--------+
         Total |    184 |    184 |      0 |      0 |     52 |   5 |   36.8 |
       Dungeon |    184 |    184 |      0 |      0 |     52 |   5 |   36.8 |
               +--------+--------+--------+--------+--------+-----+--------+

Top non-repeatable levels by time:
     D:2: 93 daAuts
     D:4: 53 daAuts
     D:1: 17 daAuts
     D:5: 15 daAuts
     D:3: 4 daAuts
